AoeStats
← Der Sprudel

Oasis

509695651Analyzed
4v4 RM · 4d ago on Sep 27, 2026· 56m 27s· 8 players
Game mode
Random Map
Map size
Large (8 player)
Population
200
Speed
Normal
Resources
Standard
Victory
Conquest
Starting age
Dark Age
Ending age
Imperial Age
RankedLock teamsTeams togetherTeam positionsShared explorationLock speedFull tech treeHidden civsTurbo modeCheats
Victory
Defeat
🇺🇸 Burmese · United States
1249
+17
🇦🇷 Lithuanians · Argentina
1241
+17
🇺🇸 Inca · United States
1220
+18
🇩🇪 Malians · Germany
1210
+18
🇬🇧 Sicilians · United Kingdom
1333
-21
🇬🇧 Gurjaras · United Kingdom
1248
-17
🇬🇧 Goths · United Kingdom
1230
-16
🇬🇧 Hindustanis · United Kingdom
1226
-16
Sun Tzu
11:50 Feudal Age
10:50 Loom
15:44 Castle Age
13:32 Horse Collar
17:26 Scale Barding Armor
20:10 Chain Barding Armor
24:27 Wheelbarrow
24:02 Town Watch
26:08 Hand Cart
27:38 Heavy Plow
30:24 Forging
31:51 Husbandry
32:02 Bloodlines
32:30 Iron Casting
32:06 Manipur Cavalry
34:05 Gold Mining
34:07 Stone Mining
36:57 Imperial Age
38:29 Plate Barding Armor
37:58 Howdah
39:46 Blast Furnace
39:28 Fletching
39:12 Cavalier
39:15 Elite Battle Elephant
40:30 Conscription
41:17 Caravan
42:10 Gold Shaft Mining
43:24 Crop Rotation
45:38 Bodkin Arrow
46:20 Devotion
47:50 Coinage
47:47 Town Patrol
50:58 Light Cavalry
54:56 Hussar
mattmcneil9
0:26 Loom
10:21 Feudal Age
13:22 Horse Collar
17:09 Castle Age
15:42 Fletching
16:54 Double-Bit Axe
17:09 Elite Skirmisher
19:25 Gold Mining
20:31 Pikeman
22:04 Heavy Plow
27:38 Scale Mail Armor
34:01 Imperial Age
32:06 Wheelbarrow
32:10 Sanctity
32:15 Chain Mail Armor
33:52 Forging
38:33 Halberdier
40:09 Illumination
40:21 Theocracy
41:00 Block Printing
42:02 Plate Mail Armor
43:12 Squires
42:57 Arson
44:30 Bow Saw
45:38 Hand Cart
46:07 Iron Casting
47:48 Blast Furnace
47:38 Elite Kamayuk
48:19 Fabric Shields
48:40 Conscription
50:39 Redemption
Der Sprudel
10:39 Feudal Age
14:36 Castle Age
15:15 Double-Bit Axe
15:36 Horse Collar
16:21 Bow Saw
22:49 Wheelbarrow
23:57 Gold Mining
25:45 Hand Cart
29:01 Imperial Age
27:32 Scale Barding Armor
27:36 Town Watch
27:37 Loom
28:12 Bloodlines
28:03 Husbandry
28:44 Ballistics
29:08 Crossbowman
29:53 Thumb Ring
29:47 Fletching
30:18 Chain Barding Armor
30:24 Padded Archer Armor
30:46 Arbalester
32:06 Heavy Plow
32:09 Bodkin Arrow
32:29 Leather Archer Armor
34:03 Chemistry
33:16 Masonry
33:19 Forging
32:46 Light Cavalry
35:53 Ring Archer Armor
35:59 Iron Casting
35:59 Plate Barding Armor
38:22 Stone Mining
39:11 Gold Shaft Mining
46:42 Caravan
51:30 Scale Mail Armor
53:50 Chain Mail Armor
52:57 Man-at-Arms
53:37 Squires
53:23 Arson
54:18 Long Swordsman
54:19 Pikeman
56:06 Two-Handed Swordsman
Aldeano sin Telar
10:53 Feudal Age
11:01 Loom
14:20 Castle Age
13:22 Stone Mining
13:49 Double-Bit Axe
15:56 Fletching
24:29 Wheelbarrow
23:39 Town Watch
25:54 Horse Collar
26:40 Gold Mining
27:28 Stone Shaft Mining
27:35 Heavy Plow
29:09 Hand Cart
29:13 Bow Saw
30:19 Scale Barding Armor
30:25 Forging
29:37 Light Cavalry
30:32 Bloodlines
30:28 Bodkin Arrow
30:40 Hill Forts
30:48 Husbandry
31:39 Chain Barding Armor
31:49 Devotion
32:04 Town Patrol
35:15 Imperial Age
33:28 Iron Casting
33:35 Caravan
34:25 Ballistics
33:45 Treadmill Crane
34:16 Masonry
35:50 Murder Holes
35:25 Cavalier
36:51 Plate Barding Armor
36:47 Bracer
38:45 Two-Man Saw
38:00 Light Cavalry
38:27 Paladin
39:59 Crop Rotation
40:36 Architecture
42:25 Chemistry
41:21 Murder Holes
41:50 Conscription
42:09 Hoardings
42:24 Light Cavalry
43:25 Tower Shields
43:26 Winged Hussar
44:33 Town Patrol
waluwewe
7:30 Loom
7:34 Loom
9:59 Feudal Age
13:49 Wheelbarrow
15:59 Castle Age
15:52 Double-Bit Axe
21:27 Horse Collar
27:05 Imperial Age
26:36 Scale Barding Armor
26:34 Scale Mail Armor
26:39 Squires
26:56 Heavy Plow
28:17 Scale Barding Armor
28:29 Chain Mail Armor
28:52 Forging
28:09 Pikeman
29:09 Gold Mining
30:45 Wheelbarrow
31:22 Perfusion
31:45 Halberdier
33:33 Conscription
35:03 Anarchy
39:20 Elite Huskarl
45:19 Bow Saw
RAD
6:30 Loom
9:14 Feudal Age
11:44 Double-Bit Axe
15:40 Horse Collar
17:56 Fletching
20:42 Castle Age
20:03 Padded Archer Armor
20:51 Gold Mining
21:03 Crossbowman
27:43 Ballistics
27:59 Bow Saw
28:06 Bow Saw
29:38 Wheelbarrow
33:18 Bodkin Arrow
33:58 Forging
33:48 Scale Mail Armor
35:20 Murder Holes
35:36 Masonry
35:55 Hand Cart
35:07 Elite Skirmisher
37:01 Siphons
37:26 Leather Archer Armor
37:26 Chain Mail Armor
37:47 Iron Casting
42:09 Imperial Age
39:25 Town Watch
40:07 First Crusade
43:37 Hauberk
43:52 Conscription
43:52 Scale Barding Armor
44:48 Blast Furnace
44:18 Plate Mail Armor
43:48 Bracer
44:27 Husbandry
44:37 Bloodlines
43:49 Cavalier
44:40 Light Cavalry
45:32 Cavalier
46:09 Light Cavalry
49:34 Chain Barding Armor
David
8:15 Loom
10:22 Feudal Age
11:06 Horse Collar
11:15 Double-Bit Axe
14:54 Wheelbarrow
17:59 Castle Age
17:02 Forging
18:03 Bloodlines
18:26 Scale Barding Armor
23:38 Chain Barding Armor
24:09 Bow Saw
26:45 Heavy Plow
28:06 Husbandry
29:19 Town Watch
32:51 Imperial Age
31:00 Hand Cart
31:25 Town Watch
32:59 Heavy Camel Rider
34:19 Plate Barding Armor
34:20 Iron Casting
34:23 Stone Mining
34:24 Gold Mining
35:05 Imperial Camel Rider
37:08 Chemistry
42:58 Light Cavalry
45:32 Blast Furnace
48:37 Two-Man Saw
48:22 Gold Shaft Mining
47:12 Hussar
52:27 Caravan
53:30 Thumb Ring
Simie
7:06 Loom
9:30 Feudal Age
13:20 Fletching
13:43 Double-Bit Axe
14:11 Horse Collar
20:52 Castle Age
20:06 Padded Archer Armor
21:46 Bow Saw
21:36 Bodkin Arrow
21:24 Crossbowman
25:31 Stone Mining
25:33 Gold Mining
26:00 Bow Saw
33:09 Imperial Age
32:01 Ballistics
32:38 Leather Archer Armor
33:06 Heavy Plow
36:33 Chemistry
36:18 Bracer
43:34 Wheelbarrow
43:54 Gold Shaft Mining
44:43 Elite Elephant Archer
45:55 Sanctity
46:45 Conscription
46:41 Kshatriyas
47:30 Thumb Ring
47:29 Treadmill Crane
49:12 Illumination
48:49 Devotion
49:26 Theocracy
50:47 Masonry
50:33 Murder Holes
52:14 Frontier Guards
54:21 Hoardings
54:51 Hand Cart
55:03 Town Watch
Connection lost

Rejoining the realm…

Still unreachable

The connection could not be restored.

Session expired

The server has moved on; the page needs a fresh start.